Workbook

Sheet Questions
A1: Number | B1: Question | C1: Answer | D1: Topic | E1: Sub-topic
A2: 1 | B2: State the 5 sub-cellular organelles in an animal cell | C2: Nucleus, cell membrane, ribosomes, cytoplasm, mitochondria | D2: Biology: Structure and function of living organisms | E2: Cells and organisation
A3: 2 | B3: State the 8 sub-cellular organelles in an plant cell | C3: Nucleus, cell membrane, ribosomes, cytoplasm, mitochondria, cell wall, chloroplast and vacuole | D3: Biology: Structure and function of living organisms | E3: Cells and organisation
A4: 3 | B4: State the function of the nucleus of a cell | C4: Contains DNA and controls the function of the cell | D4: Biology: Structure and function of living organisms | E4: Cells and organisation
A5: 4 | B5: State the function of the cell membrane of a cell | C5: Controls what enters and leaves the cell | D5: Biology: Structure and function of living organisms | E5: Cells and organisation
A6: 5 | B6: State the function of the ribosome of a cell | C6: Where protein synthesis occurs (proteins are made) | D6: Biology: Structure and function of living organisms | E6: Cells and organisation
A7: 6 | B7: State the function of the cytoplasm of a cell | C7: Where chemical reactions occur in a cell | D7: Biology: Structure and function of living organisms | E7: Cells and organisation
A8: 7 | B8: State the function of the mitochondria of a cell | C8: Where aerobic respiration occurs in a cell | D8: Biology: Structure and function of living organisms | E8: Cells and organisation
A9: 8 | B9: State the function of the cell wall of a cell | C9: Provides support for the cell | D9: Biology: Structure and function of living organisms | E9: Cells and organisation
A10: 9 | B10: State the function of the chloroplast of a cell | C10: Absorbs light for photosynthesis | D10: Biology: Structure and function of living organisms | E10: Cells and organisation
A11: 10 | B11: State two functions of the vacuole of a cell | C11: Stores minerals and sugars and gives structure | D11: Biology: Structure and function of living organisms | E11: Cells and organisation
A12: 11 | B12: Define "prokaryotic cell" and "eukaryotic cell" | C12: DNA is not contained in a nucleus | D12: Biology: Structure and function of living organisms | E12: Cells and organisation
A13: 12 | B13: Define "eukaryotic cell" | C13: DNA contained in a nucleus | D13: Biology: Structure and function of living organisms | E13: Cells and organisation
... A44: 43 | B44: Which part of the skeleton protects the lungs | C44: The rib cage | D44: Biology: Structure and function of living organisms | E44: Skeletal and muscular systems
A45: 44 | B45: Approx. how many bones is the human skeleton made of | C45: 200 | D45: Biology: Structure and function of living organisms | E45: Skeletal and muscular systems
A46: 45 | B46: Which mineral makes bones strong? | C46: calcium | D46: Biology: Structure and function of living organisms | E46: Skeletal and muscular systems
A47: 46 | B47: Name the 4 main functions of the skeleton | C47: 1. Support 2. protect vital organs 3. movement 4. make blood cells | D47: Biology: Structure and function of living organisms | E47: Skeletal and muscular systems
A48: 47 | B48: What is the purpose of white blood cells | C48: To protect against infection | D48: Biology: Structure and function of living organisms | E48: Skeletal and muscular systems
A49: 48 | B49: Which of the following is a hinge joint - shoulder>Hip>Knee | C49: Knee | D49: Biology: Structure and function of living organisms | E49: Skeletal and muscular systems
A50: 49 | B50: Name the smooth substance at the end of a bone | C50: cartilage | D50: Biology: Structure and function of living organisms | E50: Skeletal and muscular systems
A51: 50 | B51: What type of joint is a hip joint | C51: Ball and socket | D51: Biology: Structure and function of living organisms | E51: Skeletal and muscular systems
A52: 51 | B52: How are muscles attached to bone? | C52: By strong tendons | D52: Biology: Structure and function of living organisms | E52: Skeletal and muscular systems
A53: 52 | B53: Name the two muscles in the upper arm | C53: biceps and triceps | D53: Biology: Structure and function of living organisms | E53: Skeletal and muscular systems
A54: 53 | B54: How are bones linked together | C54: Joints | D54: Biology: Structure and function of living organisms | E54: Skeletal and muscular systems
A55: 54 | B55: What is a synovial joint | C55: A freely movable joint | D55: Biology: Structure and function of living organisms | E55: Skeletal and muscular systems
A56: 55 | B56: How do muscles work? | C56: By getting shorter - contraction | D56: Biology: Structure and function of living organisms | E56: Skeletal and muscular systems
A57: 56 | B57: What are antagonistic muscles? | C57: A 'pair' of muscles that act on a joint. As one contracts, the other relaxes | D57: Biology: Structure and function of living organisms | E57: Skeletal and muscular systems
... A248: 247 | B248: Give one disadvantage of selective breeding | C248: Inbreeding can lead to genetic diseases | D248: Biology: Genetics and evolution | E248: Inheritance, chromosomes, DNA and genes
A249: 248 | B249: In which state do the particles have strong bonds between them? | C249: Solid | D249: Chemistry: Particulate nature of matter
A250: 249 | B250: In which state do the particles have no bonds between them? | C250: Gas | D250: Chemistry: Particulate nature of matter
A251: 250 | B251: What is the name for a solid turning into a liquid? | C251: Melting | D251: Chemistry: Particulate nature of matter
A252: 251 | B252: How do the particles move in a solid? | C252: Vibrate | D252: Chemistry: Particulate nature of matter
A253: 252 | B253: How do the particles move in a liquid? | C253: Slide over each other | D253: Chemistry: Particulate nature of matter
A254: 253 | B254: What is the name for a liquid turning into a gas? | C254: Boiling | D254: Chemistry: Particulate nature of matter
A255: 254 | B255: What is the name for a gas turning into a liquid? | C255: Condensation | D255: Chemistry: Particulate nature of matter
A256: 255 | B256: How do the particles move in a gas? | C256: Quick and random | D256: Chemistry: Particulate nature of matter
A257: 256 | B257: In which state does diffusion NOT happen? | C257: Solid | D257: Chemistry: Particulate nature of matter
A258: 257 | B258: In which state can particles NOT be compressed? | C258: Solid and Liquid | D258: Chemistry: Particulate nature of matter
A259: 258 | B259: In which state do particles stay in a fixed position? | C259: Solid | D259: Chemistry: Particulate nature of matter
A260: 259 | B260: What is the name for a liquid turning into a solid? | C260: Freezing | D260: Chemistry: Particulate nature of matter
... A460: 459 | B460: Which fuel locked away the carbon when animals and plants died? | C460: Fossil fuels (coal, oil, natural gas) | D460: Chemistry: Earth and atmosphere
A461: 460 | B461: What is weathering? | C461: Breakdwon of rocks by the action of weather, plants, animals and chemical processes | D461: Chemistry: Earth and atmosphere | E461: Rocks
A462: 461 | B462: Name three types of weathering | C462: biological, chemical, physical | D462: Chemistry: Earth and atmosphere | E462: Rocks
A463: 462 | B463: What is biological weathering | C463: breakdown of rocks because of the actions of living organisms | D463: Chemistry: Earth and atmosphere | E463: Rocks
A464: 463 | B464: What is chemical weathering? | C464: Erosion of rocks by chemicals that react with their minerals | D464: Chemistry: Earth and atmosphere | E464: Rocks
A465: 464 | B465: Why is rainwater slightly acidic? | C465: carbon dioxide from the air has dissolved into it | D465: Chemistry: Earth and atmosphere | E465: Rocks
A466: 465 | B466: What happens when acidic rainwater falls on limestone and chalk? | C466: A chemical reaction happens>soluble substances are formed>dissolve in water>washed away weathering the rock | D466: Chemistry: Earth and atmosphere | E466: Rocks
A467: 466 | B467: What is acid rain | C467: rain that contains dissolved acidic gases such as nitrogen oxides and sulphur dioxide | D467: Chemistry: Earth and atmosphere | E467: Rocks
A468: 467 | B468: What is biological weathering | C468: breakdown of rocks because of physical processes | D468: Chemistry: Earth and atmosphere | E468: Rocks
A469: 468 | B469: What can cause physical weathering? | C469: changes in temperature, freezing and thawing, effects of wind, rain and waves | D469: Chemistry: Earth and atmosphere | E469: Rocks
A470: 469 | B470: How can a change in temperature affect rocks? | C470: Rock gets hot = expands, rock gets cold = contracts. If this happens many times, cracks form and pieces of rock fall away | D470: Chemistry: Earth and atmosphere | E470: Rocks
A471: 470 | B471: What is freeze-thaw? | C471: Water gets into a crack, freezes, expands and pushes crack further apart, ice melts, more water can get in crack | D471: Chemistry: Earth and atmosphere | E471: Rocks
A472: 471 | B472: How can the wind affect rocks? | C472: Wind = blows tiny grains of sand against rock, wear the rock away | D472: Chemistry: Earth and atmosphere | E472: Rocks
... A480: 479 | B480: How are igneous rocks formed? | C480: molten rock (magma) that has cooled and solidified | D480: Chemistry: Earth and atmosphere | E480: Rocks
A481: 480 | B481: What are igneous rocks like? | C481: contain randomly arranged interlocking crystals
A482: 481 | B482: What is magma? | C482: Molten rock that is found within the Earth | D482: Chemistry: Earth and atmosphere | E482: Rocks
A483: 482 | B483: Name the two types of igneous rocks | C483: extrusive, intrusive | D483: Chemistry: Earth and atmosphere | E483: Rocks
A484: 483 | B484: How are extrusive igneous rocks formed? | C484: Magma erupted onto surface as lava - cooled quickly | D484: Chemistry: Earth and atmosphere | E484: Rocks
A485: 484 | B485: How are intrusive igneous rocks formed? | C485: Magma cooled slowly deep underground | D485: Chemistry: Earth and atmosphere | E485: Rocks
A486: 485 | B486: Compare the two types of igneous rocks | C486: Extrusive = small crystals, intrusive = large crystals
A487: 486 | B487: Define "lava" | C487: Molten rock that's released from the Earth's core in a volcano or fissure | D487: Chemistry: Earth and atmosphere | E487: Rocks
A488: 487 | B488: Give some examples of igneous rocks | C488: obsidian, granite | D488: Chemistry: Earth and atmosphere | E488: Rocks
A489: 488 | B489: Why do igneous rocks not contain fossils? | C489: Fossils in original rock will have melted | D489: Chemistry: Earth and atmosphere | E489: Rocks
A490: 489 | B490: What are sedimentary rocks? | C490: Rocks formed through deposition of sediments | D490: Chemistry: Earth and atmosphere | E490: Rocks
A491: 490 | B491: Give some examples of sedimentary rocks | C491: limestone, sandstone, chalk, shale | D491: Chemistry: Earth and atmosphere | E491: Rocks
A492: 491 | B492: How do sedimentary rocks form? | C492: transport > deposition > sedimentation > compaction > cementation | D492: Chemistry: Earth and atmosphere | E492: Rocks
A493: 492 | B493: What are sedimentary rocks like? | C493: Contain rounded grains in layers. Oldest at bottom, youngest at top | D493: Chemistry: Earth and atmosphere | E493: Rocks
A494: 493 | B494: Can sedimentary rocks contain fossils? | C494: Yes | D494: Chemistry: Earth and atmosphere | E494: Rocks
A495: 494 | B495: What are metamorphic rocks? | C495: Rocks formed from other rocks that are changed because of heat or pressure | D495: Chemistry: Earth and atmosphere | E495: Rocks
A496: 495 | B496: How are metamorphic rocks formed? | C496: Rocks buried deep uunderground or squeezed > rocks heated and put under pressure > minerals they contain changed chemically | D496: Chemistry: Earth and atmosphere | E496: Rocks
A497: 496 | B497: Do metamorphic rocks contain fossils | C497: Rarely = any fossils present in original sedimentary will not normally survive the heat and pressure | D497: Chemistry: Earth and atmosphere | E497: Rocks
A498: 497 | B498: Give some examples of metamorphic rocks | C498: marble (from limestone), slate (fromed from shale) | D498: Chemistry: Earth and atmosphere | E498: Rocks
... A500: 499 | B500: Give the stages of the rock cycle | C500: weathering and erosion > transportation and deposition > sedimentation > compaction and cementation > burial, high temp + pressure > melting > slowly lift to surface | D500: Chemistry: Earth and atmosphere | E500: Rocks
A501: 500 | B501: What are the 4 main layers of the Earth | C501: inner core, outer core, mantle, crust | D501: Chemistry: Earth and atmosphere
A502: 501 | B502: Describe the Earth's crust | C502: realtively thin and rocky | D502: Chemistry: Earth and atmosphere
A503: 502 | B503: Describe the Earth's mantle | C503: properties of a solid but can flow very slowly | D503: Chemistry: Earth and atmosphere
A504: 503 | B504: Describe the Earth's core | C504: made from nickel and iron | D504: Chemistry: Earth and atmosphere
A505: 504 | B505: Give the 3 main gases that make up the Earth's atmosphere | C505: nitrogen (78%), oxygen (21%), other inc. argon (0.9%) | D505: Chemistry: Earth and atmosphere
A506: 505 | B506: Define "abundance" | C506: If there is a lot of something | D506: Chemistry: Earth and atmosphere
A507: 506 | B507: How can the percentage of oxygen in the air be determined? | C507: Reacting with copper | D507: Chemistry: Earth and atmosphere
A508: 507 | B508: How is the energy stored in food released? | C508: Combustion or respiration | D508: Physics: Energy
A509: 508 | B509: Define "combustion" | C509: Process of burning by heat | D509: Physics: Energy
A510: 509 | B510: What is respiration? | C510: A chemical reaction which uses glucose and oxygen to release energy | D510: Physics: Energy
A511: 510 | B511: Define "calorie" | C511: Amount of energy (in food) available | D511: Physics: Energy
A512: 511 | B512: Give the unit for energy | C512: Joule (J) | D512: Physics: Energy
... A563: 562 | B563: State the standard unit of thermal (internal) energy | C563: Joules | D563: Physics: Energy
A564: 563 | B564: Define "speed" | C564: How much distance is covered in a given time | D564: Physics: Motion and forces | E564: Describing motion
A565: 564 | B565: Define "acceleration" | C565: How much speed increases or decreases in a given time | D565: Physics: Motion and forces | E565: Describing motion
A566: 565 | B566: State the equation for calculating speed | C566: Speed = distance/time | D566: Physics: Motion and forces | E566: Describing motion
A567: 566 | B567: State the equation for calculating acceleration | C567: Acceleration = change in speed/time | D567: Physics: Motion and forces | E567: Describing motion
A568: 567 | B568: State the units for speed | C568: m/s or km/hr | D568: Physics: Motion and forces | E568: Describing motion
A569: 568 | B569: State the units for acceleration | C569: metres per second squared (m/s2) | D569: Physics: Motion and forces | E569: Describing motion
A570: 569 | B570: What does a straight line on a distance-time graph show? | C570: Object travelling at a constant speed | D570: Physics: Motion and forces | E570: Describing motion
A571: 570 | B571: What does a curved line on a distance-time graph show? | C571: Object accelerating or decelerating | D571: Physics: Motion and forces | E571: Describing motion
A572: 571 | B572: What does a straight line on a velocity-time graph show? | C572: Object accelerating | D572: Physics: Motion and forces | E572: Describing motion
A573: 572 | B573: What does a horizontal line on a distance-time graph show? | C573: Object at rest (not moving) | D573: Physics: Motion and forces | E573: Describing motion
A574: 573 | B574: What is the unit for force? | C574: Newton | D574: Physics: Motion and forces | E574: Forces
A575: 574 | B575: Name the apparatus used to measure forces | C575: Newton meter | D575: Physics: Motion and forces | E575: Forces
... A611: 610 | B611: State why an object floats | C611: If the upthrust balances the weight | D611: Physics: Motion and forces | E611: Pressure in fluids
A612: 611 | B612: Define "wave" | C612: A wave transfers energy without transferring matter | D612: Physics: Waves
...

Sheet Quiz 10
E1: Question from bank | F1: Question | G1: Answer | M1: 1 | N1: =RAND() -> 0.67312983
B2: Interleaved Questions | D2: 5 | E2: =INDEX(M$1:(INDIRECT("m"&D$2)),RANK(N1,N$1:(INDIRECT("n"&D$2)))) -> 2 | F2: =VLOOKUP(E2, Questions!A:E, 2, FALSE) -> State the 8 sub-cellular organelles in an plant cell | G2: =VLOOKUP(E2, Questions!A:E, 3, FALSE) -> Nucleus, cell membrane, ribosomes, cytoplasm, mitochondria, cell wall, chloroplast and vacuole | M2: 2 | N2: =RAND() -> 0.81389603
A3: =ROW(A1) -> 1 | E3: =INDEX(M$1:(INDIRECT("m"&D$2)),RANK(N2,N$1:(INDIRECT("n"&D$2)))) -> 1 | F3: =VLOOKUP(E3, Questions!A:E, 2, FALSE) -> State the 5 sub-cellular organelles in an animal cell | G3: =VLOOKUP(E3, Questions!A:E, 3, FALSE) -> Nucleus, cell membrane, ribosomes, cytoplasm, mitochondria | M3: 3 | N3: =RAND() -> 0.14425869
A4: =1+(ROW(A1)) -> 2 | E4: =INDEX(M$1:(INDIRECT("m"&D$2)),RANK(N3,N$1:(INDIRECT("n"&D$2)))) -> 5 | F4: =VLOOKUP(E4, Questions!A:E, 2, FALSE) -> State the function of the ribosome of a cell | G4: =VLOOKUP(E4, Questions!A:E, 3, FALSE) -> Where protein synthesis occurs (proteins are made) | M4: 4 | N4: =RAND() -> 0.63016829
E5: =INDEX(M$1:(INDIRECT("m"&D$2)),RANK(N4,N$1:(INDIRECT("n"&D$2)))) -> 3 | F5: =VLOOKUP(E5, Questions!A:E, 2, FALSE) -> State the function of the nucleus of a cell | G5: =VLOOKUP(E5, Questions!A:E, 3, FALSE) -> Contains DNA and controls the function of the cell | M5: 5 | N5: =RAND() -> 0.4047093
E6: =INDEX(M$1:(INDIRECT("m"&D$2)),RANK(N5,N$1:(INDIRECT("n"&D$2)))) -> 4 | F6: =VLOOKUP(E6, Questions!A:E, 2, FALSE) -> State the function of the cell membrane of a cell | G6: =VLOOKUP(E6, Questions!A:E, 3, FALSE) -> Controls what enters and leaves the cell | M6: 6 | N6: =RAND() -> 0.27472514
B7: Topic Questions | C7: 188 | D7: 208 | E7: =INDEX((INDIRECT("m"&C7)):(INDIRECT("m"&D7)),RANK((INDIRECT("n"&C7)),(INDIRECT("n"&C7)):(INDIRECT("n"&D7)))) -> 205 | F7: =VLOOKUP(E7, Questions!A:E, 2, FALSE) -> Define "carnivore" | G7: =VLOOKUP(E7, Questions!A:E, 3, FALSE) -> An organism that eats only other animals | M7: 7 | N7: =RAND() -> 0.91551571
E8: =INDEX((INDIRECT("m"&C7)):(INDIRECT("m"&D7)),RANK((INDIRECT("n"&C7+1)),(INDIRECT("n"&C7)):(INDIRECT("n"&D7)))) -> 197 | F8: =VLOOKUP(E8, Questions!A:E, 2, FALSE) -> Define "food chain" | G8: =VLOOKUP(E8, Questions!A:E, 3, FALSE) -> A diagram to show the direction of energy transfer between organisms | M8: 8 | N8: =RAND() -> 0.1447644
E9: =INDEX((INDIRECT("m"&C7)):(INDIRECT("m"&D7)),RANK((INDIRECT("n"&C7+2)),(INDIRECT("n"&C7)):(INDIRECT("n"&D7)))) -> 208 | F9: =VLOOKUP(E9, Questions!A:E, 2, FALSE) -> Define "biodiversity" | G9: =VLOOKUP(E9, Questions!A:E, 3, FALSE) -> Having a wide range of different species | M9: 9 | N9: =RAND() -> 0.11318154
E10: =INDEX((INDIRECT("m"&C7)):(INDIRECT("m"&D7)),RANK((INDIRECT("n"&C7+3)),(INDIRECT("n"&C7)):(INDIRECT("n"&D7)))) -> 207 | F10: =VLOOKUP(E10, Questions!A:E, 2, FALSE) -> Define "herbivore" | G10: =VLOOKUP(E10, Questions!A:E, 3, FALSE) -> An organism that eats only plants | M10: 10 | N10: =RAND() -> 0.28490775
E11: =INDEX((INDIRECT("m"&C7)):(INDIRECT("m"&D7)),RANK((INDIRECT("n"&C7+4)),(INDIRECT("n"&C7)):(INDIRECT("n"&D7)))) -> 204 | F11: =VLOOKUP(E11, Questions!A:E, 2, FALSE) -> What does the arrow in a food chain represent? | G11: =VLOOKUP(E11, Questions!A:E, 3, FALSE) -> The direction of energy transfer | M11: 11 | N11: =RAND() -> 0.50898604
M12: 12 | N12: =RAND() -> 0.048380368
M13: 13 | N13: =RAND() -> 0.25633665
M14: 14 | N14: =RAND() -> 0.92859632
M15: 15 | N15: =RAND() -> 0.58927914
M16: 16 | N16: =RAND() -> 0.1855203
M17: 17 | N17: =RAND() -> 0.37127573
M18: 18 | N18: =RAND() -> 0.59046316
M19: 19 | N19: =RAND() -> 0.20566218
M20: 20 | N20: =RAND() -> 0.53420891
M21: 21 | N21: =RAND() -> 0.13093725
M22: 22 | N22: =RAND() -> 0.16101473
M23: 23 | N23: =RAND() -> 0.278067
... M516: 516 | N516: =RAND() -> 0.67799093

Sheet For board 10
A1: 1 | B1: ='Quiz 10'!F2 -> State the 8 sub-cellular organelles in an plant cell
A2: 2 | B2: ='Quiz 10'!F3 -> State the 5 sub-cellular organelles in an animal cell
A3: 3 | B3: ='Quiz 10'!F4 -> State the function of the ribosome of a cell
A4: 4 | B4: ='Quiz 10'!F5 -> State the function of the nucleus of a cell
A5: 5 | B5: ='Quiz 10'!F6 -> State the function of the cell membrane of a cell
A6: 6 | B6: ='Quiz 10'!F7 -> Define "carnivore"
A7: 7 | B7: ='Quiz 10'!F8 -> Define "food chain"
A8: 8 | B8: ='Quiz 10'!F9 -> Define "biodiversity"
A9: 9 | B9: ='Quiz 10'!F10 -> Define "herbivore"
A10: 10 | B10: ='Quiz 10'!F11 -> What does the arrow in a food chain represent?

Sheet Quiz 8
E1: Question from bank | F1: Question | G1: Answer | M1: 1 | N1: =RAND() -> 0.3159736
B2: Interleaved Questions | D2: 229 | E2: =INDEX(M$1:(INDIRECT("m"&D$2)),RANK(N1,N$1:(INDIRECT("n"&D$2)))) -> 166 | F2: =VLOOKUP(E2, Questions!A:E, 2, FALSE) -> State three ways that a leaf is adapted for gas exchange | G2: =VLOOKUP(E2, Questions!A:E, 3, FALSE) -> Large surface area, thin, stomata | M2: 2 | N2: =RAND() -> 0.60659327
E3: =INDEX(M$1:(INDIRECT("m"&D$2)),RANK(N2,N$1:(INDIRECT("n"&D$2)))) -> 98 | F3: =VLOOKUP(E3, Questions!A:E, 2, FALSE) -> Where does respiration happen | G3: =VLOOKUP(E3, Questions!A:E, 3, FALSE) -> Mitochondria | M3: 3 | N3: =RAND() -> 0.23918584
E4: =INDEX(M$1:(INDIRECT("m"&D$2)),RANK(N3,N$1:(INDIRECT("n"&D$2)))) -> 181 | F4: =VLOOKUP(E4, Questions!A:E, 2, FALSE) -> What is the symbol equation for respiration? | G4: =VLOOKUP(E4, Questions!A:E, 3, FALSE) -> C6H12O6 + 6O2 -> 6CO2 + 6H2O (+energy) | M4: 4 | N4: =RAND() -> 0.66042752
E5: =INDEX(M$1:(INDIRECT("m"&D$2)),RANK(N4,N$1:(INDIRECT("n"&D$2)))) -> 81 | F5: =VLOOKUP(E5, Questions!A:E, 2, FALSE) -> Where does digestion start? | G5: =VLOOKUP(E5, Questions!A:E, 3, FALSE) -> The mouth | M5: 5 | N5: =RAND() -> 0.95298763
B6: Topic Questions | C6: 1 | D6: 4 | E6: =INDEX((INDIRECT("m"&C6)):(INDIRECT("m"&D6)),RANK((INDIRECT("n"&C6)),(INDIRECT("n"&C6)):(INDIRECT("n"&D6)))) -> 3 | F6: =VLOOKUP(E6, Questions!A:E, 2, FALSE) -> State the function of the nucleus of a cell | G6: =VLOOKUP(E6, Questions!A:E, 3, FALSE) -> Contains DNA and controls the function of the cell | M6: 6 | N6: =RAND() -> 0.22999129
E7: =INDEX((INDIRECT("m"&C6)):(INDIRECT("m"&D6)),RANK((INDIRECT("n"&C6+1)),(INDIRECT("n"&C6)):(INDIRECT("n"&D6)))) -> 2 | F7: =VLOOKUP(E7, Questions!A:E, 2, FALSE) -> State the 8 sub-cellular organelles in an plant cell | G7: =VLOOKUP(E7, Questions!A:E, 3, FALSE) -> Nucleus, cell membrane, ribosomes, cytoplasm, mitochondria, cell wall, chloroplast and vacuole | M7: 7 | N7: =RAND() -> 0.12460936
E8: =INDEX((INDIRECT("m"&C6)):(INDIRECT("m"&D6)),RANK((INDIRECT("n"&C6+2)),(INDIRECT("n"&C6)):(INDIRECT("n"&D6)))) -> 4 | F8: =VLOOKUP(E8, Questions!A:E, 2, FALSE) -> State the function of the cell membrane of a cell | G8: =VLOOKUP(E8, Questions!A:E, 3, FALSE) -> Controls what enters and leaves the cell | M8: 8 | N8: =RAND() -> 0.71828904
E9: =INDEX((INDIRECT("m"&C6)):(INDIRECT("m"&D6)),RANK((INDIRECT("n"&C6+3)),(INDIRECT("n"&C6)):(INDIRECT("n"&D6)))) -> 1 | F9: =VLOOKUP(E9, Questions!A:E, 2, FALSE) -> State the 5 sub-cellular organelles in an animal cell | G9: =VLOOKUP(E9, Questions!A:E, 3, FALSE) -> Nucleus, cell membrane, ribosomes, cytoplasm, mitochondria | M9: 9 | N9: =RAND() -> 0.75829187
M10: 10 | N10: =RAND() -> 0.89028189
M11: 11 | N11: =RAND() -> 0.095719627
M12: 12 | N12: =RAND() -> 0.51253782
M13: 13 | N13: =RAND() -> 0.13860066
M14: 14 | N14: =RAND() -> 0.012958534
M15: 15 | N15: =RAND() -> 0.48768936
M16: 16 | N16: =RAND() -> 0.8025396
M17: 17 | N17: =RAND() -> 0.26274017
M18: 18 | N18: =RAND() -> 0.74661069
M19: 19 | N19: =RAND() -> 0.12378457
M20: 20 | N20: =RAND() -> 0.65384876
M21: 21 | N21: =RAND() -> 0.05151904
... M516: 516 | N516: =RAND() -> 0.13881475

Sheet For board 8
A1: 1 | B1: ='Quiz 8'!F2 -> State three ways that a leaf is adapted for gas exchange
A2: 2 | B2: ='Quiz 8'!F3 -> Where does respiration happen
A3: 3 | B3: ='Quiz 8'!F4 -> What is the symbol equation for respiration?
A4: 4 | B4: ='Quiz 8'!F5 -> Where does digestion start?
A5: 5 | B5: ='Quiz 8'!F6 -> State the function of the nucleus of a cell
A6: 6 | B6: ='Quiz 8'!F7 -> State the 8 sub-cellular organelles in an plant cell
A7: 7 | B7: ='Quiz 8'!F8 -> State the function of the cell membrane of a cell
A8: 8 | B8: ='Quiz 8'!F9 -> State the 5 sub-cellular organelles in an animal cell

Sheet Quiz 6
E1: Question from bank | F1: Question | G1: Answer | M1: 1 | N1: =RAND() -> 0.37701493
B2: Interleaved Questions | D2: 229 | E2: =INDEX(M$1:(INDIRECT("m"&D$2)),RANK(N1,N$1:(INDIRECT("n"&D$2)))) -> 139 | F2: =VLOOKUP(E2, Questions!A:E, 2, FALSE) -> What is the functin of the stamen? | G2: =VLOOKUP(E2, Questions!A:E, 3, FALSE) -> Male parts of the flower | M2: 2 | N2: =RAND() -> 0.69711035
E3: =INDEX(M$1:(INDIRECT("m"&D$2)),RANK(N2,N$1:(INDIRECT("n"&D$2)))) -> 64 | F3: =VLOOKUP(E3, Questions!A:E, 2, FALSE) -> Define "balanced diet" | G3: =VLOOKUP(E3, Questions!A:E, 3, FALSE) -> Eating a variety of foods in the correct proportions | M3: 3 | N3: =RAND() -> 0.19609947
E4: =INDEX(M$1:(INDIRECT("m"&D$2)),RANK(N3,N$1:(INDIRECT("n"&D$2)))) -> 186 | F4: =VLOOKUP(E4, Questions!A:E, 2, FALSE) -> Give one use of yeast doing anaerobic respiration. | G4: =VLOOKUP(E4, Questions!A:E, 3, FALSE) -> Making bread/alcohol | M4: 4 | N4: =RAND() -> 0.85762145
B5: Topic Questions | C5: 1 | D5: 3 | E5: =INDEX((INDIRECT("m"&C5)):(INDIRECT("m"&D5)),RANK((INDIRECT("n"&C5)),(INDIRECT("n"&C5)):(INDIRECT("n"&D5)))) -> 2 | F5: =VLOOKUP(E5, Questions!A:E, 2, FALSE) -> State the 8 sub-cellular organelles in an plant cell | G5: =VLOOKUP(E5, Questions!A:E, 3, FALSE) -> Nucleus, cell membrane, ribosomes, cytoplasm, mitochondria, cell wall, chloroplast and vacuole | M5: 5 | N5: =RAND() -> 0.23722574
E6: =INDEX((INDIRECT("m"&C5)):(INDIRECT("m"&D5)),RANK((INDIRECT("n"&C5+1)),(INDIRECT("n"&C5)):(INDIRECT("n"&D5)))) -> 1 | F6: =VLOOKUP(E6, Questions!A:E, 2, FALSE) -> State the 5 sub-cellular organelles in an animal cell | G6: =VLOOKUP(E6, Questions!A:E, 3, FALSE) -> Nucleus, cell membrane, ribosomes, cytoplasm, mitochondria | M6: 6 | N6: =RAND() -> 0.61939254
E7: =INDEX((INDIRECT("m"&C5)):(INDIRECT("m"&D5)),RANK((INDIRECT("n"&C5+2)),(INDIRECT("n"&C5)):(INDIRECT("n"&D5)))) -> 3 | F7: =VLOOKUP(E7, Questions!A:E, 2, FALSE) -> State the function of the nucleus of a cell | G7: =VLOOKUP(E7, Questions!A:E, 3, FALSE) -> Contains DNA and controls the function of the cell | M7: 7 | N7: =RAND() -> 0.41831446
M8: 8 | N8: =RAND() -> 0.36467108
M9: 9 | N9: =RAND() -> 0.20373334
M10: 10 | N10: =RAND() -> 0.96937537
M11: 11 | N11: =RAND() -> 0.44614257
M12: 12 | N12: =RAND() -> 0.24576886
M13: 13 | N13: =RAND() -> 0.17330941
M14: 14 | N14: =RAND() -> 0.58005272
M15: 15 | N15: =RAND() -> 0.93139121
M16: 16 | N16: =RAND() -> 0.38494165
M17: 17 | N17: =RAND() -> 0.4864115
M18: 18 | N18: =RAND() -> 0.29275328
M19: 19 | N19: =RAND() -> 0.26451094
... M516: 516 | N516: =RAND() -> 0.9342633

Sheet For board 6
A1: 1 | B1: ='Quiz 6'!F2 -> What is the functin of the stamen?
A2: 2 | B2: ='Quiz 6'!F3 -> Define "balanced diet"
A3: 3 | B3: ='Quiz 6'!F4 -> Give one use of yeast doing anaerobic respiration.
A4: 4 | B4: ='Quiz 6'!F5 -> State the 8 sub-cellular organelles in an plant cell
A5: 5 | B5: ='Quiz 6'!F6 -> State the 5 sub-cellular organelles in an animal cell
A6: 6 | B6: ='Quiz 6'!F7 -> State the function of the nucleus of a cell
